Map: Terrasses de Prion

Players

zidar

  • Race: Zerg Zerg
  • League: Silver
  • Spawn Location: 11:00

STARSHINE - Winner!

  • Race: Protoss Protoss
  • League: Gold
  • Spawn Location: 5:00

VOD

Have the link to the VOD?

Description

Time

  • Played on: Dec. 15, 2015, 2:19 p.m.
  • Length: 2:03
Show
View Real Time Build Order
Export as new Build Order

zidar Zerg 

Build Orders: Pool First 

Get SALT Encoding   

  12  0:18  Drone  
  13  0:24  Spawning Pool  
  13  0:25  Drone  
  14  0:40  Hatchery  
  13  0:47  Overlord  
  13  0:51  Drone  
  14  1:02  Extractor  
  13  1:18  Spawning Pool, Drone  
  13  1:21  Drone  
  15  1:25  Drone  
  15  1:32  Drone  
  16  1:40  Drone  
  17  1:51  Drone  
Show
View Real Time Build Order
Export as new Build Order

STARSHINE Protoss - Winner!

Build Orders: Cannon Rush 

Get SALT Encoding   

  12  0:02  Probe (Chrono Boost)  
  13  0:13  Probe (Chrono Boost)  
  14  0:21  Pylon  
  14  0:25  Probe (Chrono Boost)  
  15  0:39  Probe (Chrono Boost)  
  15  0:41  Forge  
  16  0:51  Pylon  
  16  0:53  Probe (Chrono Boost)  
  17  1:03  Probe (Chrono Boost)  
  18  1:10  Pylon  
  18  1:14  Probe (Chrono Boost)  
  19  1:25  Probe (Chrono Boost)  
  20  1:28  Photon Cannon  
  20  1:44  Gateway  
  20  1:47  Pylon  
  20  1:50  Photon Cannon  
  20  1:56  Photon Cannon  
Tags
 
Add a new tag
Caveats
  • Supply blocks, unpowered buildings, or Contaminate may cause inaccurate times.
  • Supply counts are checked every 10 seconds.